AoeStats
← Pillage The Village

African Clearing

504566693Analyzed
3v3 RM · 26d ago on Sep 5, 2026· 30m 7s· 6 players
Game mode
Random Map
Map size
Normal (6 player)
Population
200
Speed
Normal
Resources
Standard
Victory
Conquest
Starting age
Dark Age
Ending age
Imperial Age
RankedLock teamsTeams togetherTeam positionsShared explorationLock speedFull tech treeHidden civsTurbo modeCheats
Victory
Defeat
🇧🇪 Mongols · Belgium
1183
+9
🇧🇪 Spanish · Belgium
1064
+13
🇧🇪 Franks · Belgium
915
+18
🇹🇷 Teutons · Türkiye
1045
-15
🇹🇷 Koreans · Türkiye
1042
-15
🇹🇷 Poles · Türkiye
913
-10
COMMANDER SANDER
3:54 Loom
13:50 Feudal Age
15:13 Double-Bit Axe
18:46 Wheelbarrow
21:16 Castle Age
21:41 Bloodlines
21:53 Stone Mining
22:54 Husbandry
24:39 Scale Barding Armor
24:45 Forging
26:20 Chain Barding Armor
Pontifex Fakkulus
10:08 Loom
14:31 Feudal Age
17:54 Double-Bit Axe
23:01 Castle Age
23:27 Scale Barding Armor
24:52 Bow Saw
27:37 Wheelbarrow
26:48 Town Watch
27:00 Town Watch
Pillage The Village
11:32 Loom
13:57 Feudal Age
14:57 Double-Bit Axe
15:57 Gold Mining
18:43 Castle Age
17:02 Fletching
18:03 Padded Archer Armor
Asian Electric
7:10 Loom
19:36 Feudal Age
20:59 Wheelbarrow
24:18 Wheelbarrow
28:59 Castle Age
Laiklik
10:02 Loom
16:27 Feudal Age
19:03 Horse Collar
21:02 Double-Bit Axe
25:20 Wheelbarrow
30:49 Castle Age
29:00 Stone Mining
direwolf6431
4:50 Loom
17:22 Feudal Age
18:03 Man-at-Arms
23:22 Castle Age
22:10 Horse Collar
22:24 Stone Mining
25:17 Elite Skirmisher
Connection lost

Rejoining the realm…

Still unreachable

The connection could not be restored.

Session expired

The server has moved on; the page needs a fresh start.